 Dungeon Crawl Stone Soup version 0.20.1-1-g8b1a95d (webtiles) character file.

3955 MovingMist the Skirmisher (level 10, -1/64 HPs)
             Began as a Gargoyle Fighter on Nov 18, 2017.
             Was a Follower of Okawaru.
             Slain by a killer bee (4 damage)
             ... on level 9 of the Dungeon.
             The game lasted 00:19:05 (8371 turns).

MovingMist the Skirmisher (Gargoyle Fighter)        Turns: 8371, Time: 00:19:06

Health: -1/64      AC: 20    Str: 20    XL:     10   Next: 21%
Magic:  10/10      EV:  8    Int:  9    God:    Okawaru [*.....]
Gold:   312        SH: 11    Dex: 12    Spells: 9/9 levels left

rFire    . . .     SeeInvis .   E - +2 whip (flame)
rCold    . . .     Gourm    .   c - +0 shield
rNeg     + . .     Faith    .   H - +0 plate armour
rPois    ∞         Spirit   .   (no helmet)
rElec    +         Reflect  .   B - +0 cloak
rCorr    .         Harm     .   (no gloves)
MR       .....                  l - +0 pair of boots
Stlth    ..........             (no amulet)
Regen    0.2/turn               m - ring of flight
MPRegen  0.2/turn               D - +1 ring of evasion

@: no status effects
A: negative energy resistance 1, electricity resistance, unbreathing,
petrification resistance, rot immunity, AC +7
a: Heroism, Renounce Religion, Evoke Flight


You were on level 9 of the Dungeon.
You worshipped Okawaru.
Okawaru was aware of your devotion.
You were not hungry.

You visited 2 branches of the dungeon, and saw 10 of its levels.

You collected 410 gold pieces.
You spent 98 gold pieces at shops.

Inventory:

Hand Weapons
 E - a +2 whip of flaming (weapon)
Armour
 c - a +0 shield (worn)
 l - a +0 pair of boots (worn)
 B - a +0 cloak (worn)
 H - a +0 plate armour (worn)
Jewellery
 m - a ring of flight (left hand)
 D - a +1 ring of evasion (right hand)
Wands
 p - a wand of acid (4/15)
 A - a wand of random effects (10/48)
 G - a wand of acid (8/15)
 I - a wand of flame (23/48)
 K - a wand of digging (9/24)
Scrolls
 a - 2 scrolls of recharging {unknown}
 b - 3 scrolls of identify
 e - 2 scrolls of fear {unknown}
 g - a scroll of amnesia
 j - 2 scrolls of fog
 n - 2 scrolls of enchant weapon
 o - a scroll of immolation {unknown}
 s - 2 scrolls of remove curse
 v - 3 scrolls of magic mapping {unknown}
 x - 4 scrolls of teleportation
 y - a scroll of enchant armour {unknown}
 z - a scroll of noise {unknown}
Potions
 h - a potion of resistance
 r - 4 potions of curing
 t - 2 potions of brilliance
 u - a potion of magic {unknown}
 w - a potion of invisibility {unknown}
 C - 2 potions of mutation {unknown}
 F - 2 potions of ambrosia
 J - a potion of agility {unknown}
Comestibles
 d - 2 chunks of flesh
 f - 2 bread rations
 i - 2 fruits
 q - 4 meat rations


   Skills:
 + Level 7.8 Fighting
 + Level 6.8 Maces & Flails
 - Level 3.2 Armour
 * Level 7.7 Dodging
 + Level 7.6 Shields


You had 9 spell levels left.
You didn't know any spells.

Dungeon Overview and Level Annotations

Branches:
Dungeon (9/15)             Temple (1/1) D:7
   Lair: D:8-11         Orc: D:9-12

Altars:
Ashenzari
Cheibriados
Dithmenos
Elyvilon
Fedhas
Gozag
Hepliaklqana
Kikubaaqudgha
Makhleb
Nemelex Xobeh
Okawaru
Qazlal
Ru
Sif Muna
Trog
Uskayaw
Vehumet
Xom
Yredelemnul
Zin
The Shining One

Shops:
D:8 *

Annotations:
D:4 Dowan, Duvessa
D:8 Psyche


Innate Abilities, Weirdness & Mutations

You are resistant to torment.
Your stone body is resilient. (AC +7)
You are immune to poison.
You resist negative energy. (rN+)
You are resistant to electric shocks. (rElec)
You can survive without breathing.
You are immune to petrification.
You are immune to rotting.


Message History

The queen bee calls on the killer bee to defend it!
The killer bee goes berserk!
The killer bee barely misses you. You block the killer bee's attack.
The killer bee buzzes angrily.
You block the killer bee's attack. The killer bee stings you!
* * * LOW HITPOINT WARNING * * *
You hear an angry buzzing noise.
The hound barks!
The killer bee barely misses you.
You hear an angry buzzing noise.
The killer bee stings you but does no damage.
The killer bee barely misses you.
You hear an angry buzzing noise.
The killer bee stings you but does no damage.
You block the killer bee's attack. x3
You block the killer bee's attack. The killer bee stings you!
* * * LOW HITPOINT WARNING * * *
The killer bee stings you but does no damage.
You block the killer bee's attack. The killer bee stings you.
You die...

...........# #.ho.#..<...#..
...........# #...y########..
......(....# #.yoy.y........
...........########oo#####...####
..#######............# #...#
..#.....#........h...# #...#
..#.....#.......y....# #y..#
..#.....#.......yy...# #...#
..###'###.......@yy..#####...####
...............###...y...........
...............# #...............
######.........+.#...............
# #.........+.#..............( #
#.......###.##########....(.
#.......#....... #....##
#.......#....... #....#
#..###''#.......######....#


You could see a queen bee, a hound, 7 killer bees and 3 orcs.

Vanquished Creatures
  Pikel (D:5)
  Grinder (D:6)
  A hippogriff (D:8)
  Sigmund (D:6)
  Menkaure (D:7)
  A water moccasin (D:8)
  2 phantoms
  2 ice beasts (D:7)
  2 orc warriors
  A black bear (D:6)
  5 ogres
  A centaur (D:9)
  A bullfrog (D:6)
  4 killer bees (D:9)
  3 howler monkeys
  A centaur zombie (D:5)
  3 crimson imps
  7 hounds
  2 jellies
  6 orc priests
  7 orc wizards
  An iguana (D:8)
  5 worker ants
  A hound zombie (D:7)
  7 gnolls
  10 adders
  2 shadow imps
  2 oozes
  3 adder skeletons
  A worm (D:2)
  2 dart slugs (D:3)
  A leopard gecko (D:2)
  18 orcs
  7 giant cockroaches
  7 hobgoblins
  9 jackals
  7 kobolds
  4 quokkas
  2 bats (D:2)
  3 frilled lizards
  4 goblins
  A leopard gecko skeleton (D:4)
  A quokka skeleton (D:5)
  8 rats
159 creatures vanquished.

Vanquished Creatures (others)
  An orc wizard (D:7)
1 creature vanquished.

Grand Total: 160 creatures vanquished

Notes
Turn   | Place    | Note
-------+----------+-------------------------------------------
     0 | D:1      | MovingMist the Gargoyle Fighter began the quest for the Orb.
     0 | D:1      | Reached XP level 1. HP: 14/14 MP: 1/1
    79 | D:1      | Reached XP level 2. HP: 19/19 MP: 2/2
   273 | D:1      | Reached skill level 1 in Dodging
   689 | D:1      | Reached XP level 3. HP: 22/23 MP: 3/3
  1341 | D:2      | Reached XP level 4. HP: 27/29 MP: 4/4
  1639 | D:3      | Reached XP level 5. HP: 27/33 MP: 5/5
  1771 | D:3      | Found a shimmering altar of Xom.
  2235 | D:3      | Reached XP level 6. HP: 26/39 MP: 6/6
  2253 | D:3      | Found a radiant altar of Vehumet.
  2960 | D:4      | Noticed Dowan
  2961 | D:4      | Noticed Duvessa
  3343 | D:4      | Reached XP level 7. HP: 43/44 MP: 7/7
  3827 | D:5      | Entered Level 5 of the Dungeon
  3926 | D:5      | Reached skill level 5 in Fighting
  4012 | D:5      | Reached skill level 5 in Shields
  4201 | D:5      | Noticed Pikel
  4233 | D:5      | Killed Pikel
  4233 | D:5      | Reached skill level 5 in Dodging
  4233 | D:5      | Reached XP level 8. HP: 20/51 MP: 8/8
  4418 | D:5      | Found a deep blue altar of Sif Muna.
  5029 | D:6      | Noticed Grinder
  5043 | D:6      | Paralysed by Grinder for 3 turns
  5051 | D:6      | Killed Grinder
  5051 | D:6      | Reached skill level 5 in Maces & Flails
  5051 | D:6      | Reached XP level 9. HP: 40/56 MP: 9/9
  5253 | D:6      | Noticed Sigmund
  5278 | D:6      | Killed Sigmund
  6587 | D:7      | Noticed Menkaure
  6596 | D:7      | Killed Menkaure
  6770 | D:7      | Found a staircase to the Ecumenical Temple.
  6840 | Temple   | Entered the Ecumenical Temple
  6939 | Temple   | Became a worshipper of Warmaster Okawaru
  7125 | D:8      | Found Puorphuf's General Store.
  7130 | D:8      | Bought a potion of heal wounds for 70 gold pieces
  7130 | D:8      | Bought a scroll of identify for 28 gold pieces
  7161 | D:8      | Found a sacrificial altar of Ru.
  7211 | D:8      | Noticed Psyche
  7586 | D:8      | Found a sparkling altar of Nemelex Xobeh.
  7796 | D:8      | Reached XP level 10. HP: 39/63 MP: 10/10
  8241 | D:9      | Reached * piety under Okawaru
  8371 | D:9      | HP: 3/64 [killer bee (8)]
  8371 | D:9      | Slain by a killer bee

Skill      XL: |  1  2  3  4  5  6  7  8  9 |
---------------+----------------------------+-----
Dodging        | 1 2 3 5 7 |  7.7
Fighting       | 4 5 6 7 |  7.8
Shields        | 4 5 6 7 |  7.6
Maces & Flails | 3 4 5 6 |  6.8
Armour         | |  3.2

Action                   |  1- 3 |  4- 6 |  7- 9 | 10-12 || total
-------------------------+-------+-------+-------+-------++-------
Melee: Flail             |   142 |   196 |   110 |       ||   448
       Whip              |       |       |   458 |   143 ||   601
  Use: Scroll            |       |     4 |     7 |       ||    11
       Potion            |       |       |     3 |     3 ||     6
  Eat: Chunk             |     2 |     6 |     9 |       ||    17
       Bread ration      |       |       |     2 |       ||     2
Armor: Scale mail        |    88 |   100 |   141 |       ||   329
       Plate armour      |       |       |   116 |    85 ||   201
Dodge: Dodged            |    33 |    80 |   174 |    66 ||   353
Block: Shield            |    74 |   102 |   235 |   138 ||   549
